Workbook

Sheet instructions
D1: IMPORTANT INSTRUCTIONS
A3: 1 | B3: This template is to be used for preparing the returns for the months of January 2017 onwards.
A4: 2 | B4: The return file should be named as XXMMYY, where XX is bank code and MM is month and YY is year.
A5: 3 | B5: The excel file submitted to CBO should preferably be in .xlsx extension.
A6: 4 | B6: No changes should be made in file formats..i.e. worksheet names, rows etc. should NOT be changed.
A7: 5 | B7: Data in yellow colored tabs is to be provided as at the end of every quarter.
A8: 6 | B8: NSFR disclosures (blue colored tab) are required to be given every quarter, BEGINNING FROM March 2018.
A9: 7 | B9: Bank Codes and Illustration of file names are given below:-
C10: Bank | E10: Code | F10: File name (FOR Aug. 2016)
B11: 1 | C11: Bank Muscat | E11: BM | F11: BM0816
B12: 2 | C12: National Bank of Oman | E12: NBO | F12: NBO0816
B13: 3 | C13: HSBC bank Oman | E13: HSBC | F13: HSBC0816
B14: 4 | C14: Bank Dhofar | E14: BD | F14: BD0816
B15: 5 | C15: Oman Arab Bank | E15: OAB | F15: OAB0816
B16: 6 | C16: Bank Sohar | E16: BS | F16: BS0816
B17: 7 | C17: Ahli Bank | E17: AB | F17: AB0816
B18: 8 | C18: Bank Nizwa | E18: BN | F18: BN0816
B19: 9 | C19: Al Izz bank | E19: AI | F19: AI0816
B20: 10 | C20: Standard Chartered Bank | E20: SCB | F20: SCB0816
B21: 11 | C21: Habib Bank | E21: HBL | F21: HBL0816
B22: 12 | C22: Bank Melli Iran | E22: BMI | F22: BMI0816
... B30: 20 | C30: Oman Housing Bank | E30: OHB | F30: OHB0816

Sheet LCR
B1: Statement on Liquiidity Coverage Ratio | D1: Report for the month of:-December, 2022
B2: Bank:State Bank of India, Muscat | D2: (RO '000)
B3: Stock of HQLA | C3: Factor | D3: Unweighted amount | E3: Weighted amount
B4: Level 1 assets
A5: 1 | B5: Coins and bank notes | C5: 1 | D5: 64 | E5: =D5*C5 -> 64
A6: 2 | B6: Qualifying central bank reserves | C6: 1 | D6: 3150 | E6: =D6*C6 -> 3150
A7: 3 | B7: Qualifying marketable securities from sovereigns,central banks, PSEs and multilateral development banks | C7: 1 | D7: 4490 | E7: =D7*C7 -> 4490
A8: 4 | B8: Domestic sovereign or Central Bank debt for non-0% risk weighted sovereigns | C8: 1 | D8: 0 | E8: =D8*C8 -> 0
A9: 5 | B9: Total Level 1 assets | D9: =SUM(D5:D8) -> 7704 | E9: =SUM(E5:E8) -> 7704
B10: Level 2A
A11: 6 | B11: Sovereign,CB,PSE, multilateral development banks assets (qualifying for 20% risk weighing) | C11: 0.85 | D11: 0 | E11: =D11*C11 -> 0
A12: 7 | B12: Qualifying Corporate debt securities AA- or higher | C12: 0.85 | D12: 0 | E12: =D12*C12 -> 0
A13: 8 | B13: Qualifying Covered bonds AA- or higher | C13: 0.85 | D13: 0 | E13: =D13*C13 -> 0
A14: 9 | B14: Total Level 2A | D14: =D11+D12+D13 -> 0 | E14: =SUM(E11:E13) -> 0
B15: Level 2B
A16: 10 | B16: Qualifying RMBS | C16: 0.75 | E16: =D16*C16 -> 0
A17: 11 | B17: Qualifying corporate debt securities, rated between A+ and BBB- | C17: 0.5 | E17: =D17*C17 -> 0
A18: 12 | B18: Qualifying common equity shares | C18: 0.5 | D18: 0 | E18: =D18*C18 -> 0
A19: 13 | B19: Total Level 2B (maximum 15% of HQLA) | D19: =D16+D17+D18 -> 0 | E19: =SUM(E16:E18) -> 0
A20: 14 | B20: Total level 2 assets (Maximum 40% of HQLA) | D20: =D14+D19 -> 0 | E20: =E14+E19 -> 0
A21: 15 | B21: Total Stock of high quality liquid assets | D21: =SUM(D9+D20) -> 7704 | E21: =+SUM(E9+E20) -> 7704
B22: Cash outflows
B23: A. Retail Deposits (Customer Deposits)
B24: Demand Deposits + Term Deposits with residual maturity upto 30 days
A25: 16 | B25: ...Stable deposits (deposit insurance scheme meets addl criteria) | C25: 0.03 | E25: =D25*C25 -> 0
A26: 17 | B26: - Stable Deposits | C26: 0.05 | D26: 409 | E26: =D26*C26 -> 20.45
A27: 18 | B27: - Less Stable retail Deposits | C27: 0.1 | D27: 0 | E27: =D27*C27 -> 0
A28: 19 | B28: Term Deposits with residual maturity of more than 30 days | C28: 0 | D28: 5751 | E28: 0
B29: B. Unsecured Wholesale Funding
A30: 20 | B30: Demand and term deposits (less than 30 days) -stable deposits | C30: 0.05 | D30: 10059 | E30: =+D30*C30 -> 502.95
A31: 21 | B31: Less Stable deposits | C31: 0.1 | D31: 0 | E31: =+D31*C31 -> 0
A32: 22 | B32: Non financial corporates, sovereigns,central banks and PSE | C32: 0.4 | D32: 0 | E32: =+D32*C32 -> 0
A33: 23 | B33: …If entire portion covered by deposit insurance | C33: 0.2 | D33: 0 | E33: =+D33*C33 -> 0
A34: 24 | B34: Cooperative banks in an institutional network (qualifying deposits with with the centralised institution) | C34: 0.25 | E34: =+D34*C34 -> 0
A35: 25 | B35: Other legal entity customers | C35: 1 | D35: 0 | E35: =+D35*C35 -> 0
A36: 26 | B36: Operational deposits generated by clearing, custody and cash management activities | C36: 0.25 | D36: 150 | E36: =+D36*C36 -> 37.5
A37: 27 | B37: …..Portion covered by deposit insurance | C37: 0.05 | D37: 0 | E37: =+D37*C37 -> 0
B38: C. Secured Funding | E38: =+D38*C38 -> 0
A39: 28 | B39: Secured funding transactions with a central bank or backed by Level I assets with any counterparty | C39: 0 | D39: 0 | E39: =+D39*C39 -> 0
A40: 29 | B40: Secured funding transactions backed by Level 2A assets with any counterparty | C40: 0.15 | D40: 0 | E40: =+D40*C40 -> 0
A41: 30 | B41: Secured funding transactions backed by non level 1 or non level 2A assets with domestic Sovereign,domestic PSE, multilateral development banks as a counterparty | C41: 0.25 | D41: 0 | E41: =+D41*C41 -> 0
A42: 31 | B42: Backed by RMBS eligible for inclusion in level 2B | C42: 0.25 | D42: 0 | E42: =+D42*C42 -> 0
A43: 32 | B43: Backed by other level 2B assets | C43: 0.5 | D43: 0 | E43: =+D43*C43 -> 0
A44: 33 | B44: All other secured funding transactions | C44: 1 | D44: 0 | E44: =+D44*C44 -> 0
B45: D. Additional Requirements | E45: =+D45*C45 -> 0
A46: 34 | B46: Liquidity needs (e.g. collateral calls)related to financing transactions,derivatives and other contracts , downgrade of up to 3 notches | C46: 1 | D46: 0 | E46: =+D46*C46 -> 0
A47: 35 | B47: Market valuation changes on derivatives (largest absolute net 30 day collateral flows realised during preceding 24 months-look back approach) | C47: 1 | D47: 0 | E47: =+D47*C47 -> 0
A48: 36 | B48: Valuation changes on non-level 1 posted collateral securing derivatives | C48: 0.2 | D48: 0 | E48: =+D48*C48 -> 0
A49: 37 | B49: Excess collateral held by a bank related to derivative transactions contractually callable at any time by its counterparty | C49: 1 | D49: 0 | E49: =+D49*C49 -> 0
A50: 38 | B50: Liquidity needs related to collateral contractually due from reporting bank on derivative transactions | C50: 1 | D50: 0 | E50: =+D50*C50 -> 0
A51: 39 | B51: Increased Liquidity needs related to derivative transactions that allow collateral substitution to non-HQLA assets | C51: 1 | D51: 0 | E51: =+D51*C51 -> 0
A52: 40 | B52: Liabilities maturing from SPV's, ABCP's and SIV's etc. (applied to maturing amounts and returnable assets) | C52: 1 | D52: 0 | E52: =+D52*C52 -> 0
A53: 41 | B53: Asset backed securities (including covere bonds) applied to maturing amounts | C53: 1 | D53: 0 | E53: =+D53*C53 -> 0
B54: Currently undrawn portion of credit lines | E54: =+D54*C54 -> 0
A55: 42 | B55: (i) Retail and small business | C55: 0.05 | D55: 0 | E55: =+D55*C55 -> 0
A56: 43 | B56: (ii)Non Financial corporates, Sovereign,CB,PSEs, multilateral development banks credit facility | C56: 0.1 | D56: 3035 | E56: =+D56*C56 -> 303.5
A57: 44 | B57: (iii)Non Financial corporates, Sovereign,CB,PSEs, multilateral development banks -liquidity facility | C57: 0.3 | D57: 0 | E57: =+D57*C57 -> 0
A58: 45 | B58: (iv) Banks subject to prudential supervision | C58: 0.4 | D58: 0 | E58: =+D58*C58 -> 0
A59: 46 | B59: (v) Other Financial Institutions credit | C59: 0.4 | D59: 0 | E59: =+D59*C59 -> 0
A60: 47 | B60: (vi) Other Financial institutions-liquidity | C60: 1 | D60: 0 | E60: =+D60*C60 -> 0
A61: 48 | B61: (vii) Other Legal entity customers, credit and liquidity facilities | C61: 1 | D61: 0 | E61: =+D61*C61 -> 0
A62: 49 | B62: Other contingent funding liabilities (L/cs,LGs) | C62: 0.05 | D62: 3702 | E62: =+D62*C62 -> 185.1
A63: 50 | B63: Trade finance | C63: 0.05 | D63: 0 | E63: =+D63*C63 -> 0
A64: 51 | B64: Customer short positions covered by other customers' collateral | C64: 0.5 | E64: =+D64*C64 -> 0
A65: 52 | B65: Any Other outflows | C65: 1 | D65: 0 | E65: =+D65*C65 -> 0
A66: 53 | B66: Total cash outflows | D66: =SUM(D25:D65) -> 23106 | E66: =SUM(E25:E65) -> 1049.5
B67: Cash Inflows
B68: Maturing secured lending transactions backed by following collateral:-
A69: 54 | B69: Level 1 assets | C69: 0 | D69: 7765 | E69: =D69*C69 -> 0
A70: 55 | B70: Level 2A assets | C70: 0.15 | D70: 0 | E70: =D70*C70 -> 0
A71: 56 | B71: Level 2B assets-eligible RMBS | C71: 0.25 | D71: 0 | E71: =D71*C71 -> 0
A72: 57 | B72: …..Other assets | C72: 0.5 | D72: 0 | E72: =D72*C72 -> 0
A73: 58 | B73: Margin lending backed by all other collaterals | C73: 0.5 | D73: 0 | E73: =D73*C73 -> 0
A74: 59 | B74: All other assets | C74: 1 | D74: 11148 | E74: =D74*C74 -> 11148
A75: 60 | B75: Amts to be received from retail counterparties | C75: 0.5 | D75: 0 | E75: =D75*C75 -> 0
A76: 61 | B76: Amounts to be received from non financial wholesale counterparties from transactions other than those listed. | C76: 0.5 | D76: 0 | E76: =D76*C76 -> 0
A77: 62 | B77: Amounts to be received from financial institutions and central banks from transactions other than those listed | C77: 1 | D77: 0 | E77: =D77*C77 -> 0
A78: 63 | B78: Credit or liquidity facilities provided to the reporting bank | C78: 0 | D78: 0 | E78: =D78*C78 -> 0
A79: 64 | B79: Operational deposits held at other financial institutions | C79: 0 | D79: 1056 | E79: =D79*C79 -> 0
A80: 65 | B80: Other contractual cash inflows | C80: 1 | D80: 985 | E80: =D80*C80 -> 985
A81: 66 | B81: Net derivatives cash inflows | C81: 1 | D81: 0 | E81: =D81*C81 -> 0
A82: 67 | B82: Total cash inflows | D82: =SUM(D69:D81) -> 20954 | E82: =SUM(E69:E81) -> 12133
A83: 68 | B83: 75% of outflows | E83: =+E66*0.75 -> 787.125
A84: 69 | B84: Inflows restricted to 75% of outflows | E84: =MIN(E82,E83) -> 787.125
A85: 70 | B85: Net cash Outflow | E85: =+E66-E84 -> 262.375
A86: 71 | B86: LCR (%) | E86: =+(D21/E85)*100 -> 2936.2554
B87: Memorandum items
A88: 1 | B88: Memorandum item No. 1
B89: Investment in securities issued by 0% risk weighted foreign sovereigns, included in sr.no. 3 above.
A91: Sr.no. | B91: Name of country & sovereign rating | C91: Amount
A92: 1 | B92: Government of Sultanate of Oman, A1 (moody's) | C92: =D7 -> 4490
A93: 2
A94: 3
A95: 4 | D95: (add more rows if needed)
B96: TOTAL
A98: 2 | B98: Memorandum item no. 2
B99: Investments in securities representing claims on or guaranteed by sovereigns, central banks, PSEs and MDBs
A100: Sr.No. | B100: banks, PSEs or multilateral development banks | C100: Amount
A101: 2.1 | B101: Names of Sovereigns
A102: (i) | B102: NIL
...

Sheet NSFR
A1: Basel III-Net Stable Funding Ratio | B1: =+LCR!D1 -> Report for the month of:-December, 2022
A2: =+LCR!B2 -> Bank:State Bank of India, Muscat | C2: (RO '000)
A3: Available stable funding | B3: Associated factor | C3: Unweighted amount | D3: Weighted amount
A4: Tier 1 capital | B4: 1 | C4: 23555 | D4: =B4*C4 -> 23555
A5: Tier 2 capital ( excluding Tier 2 instruments with residual maturity of less than one year) | B5: 1 | C5: 463 | D5: =B5*C5 -> 463
A6: Other capital instruments with effective residual maturity of one year or more | B6: 1 | C6: 0 | D6: =B6*C6 -> 0
A7: Other liabilities with effective residual maturities of one year or more | B7: 1 | C7: 2273 | D7: =B7*C7 -> 2273
A8: Stable non-maturity (demand) deposits and term deposits with residual maturity of less than one year provided by retail and small business customers | B8: 0.95 | C8: 3914 | D8: =B8*C8 -> 3718.3
A9: Less stable non-maturity deposits and term deposits with residual maturity of less than one year provided by retail and small business customers | B9: 0.9 | C9: 10032 | D9: =B9*C9 -> 9028.8
A10: Funding with residual maturity of less than one year provided by non-financial corporate customers, Funding with residual maturity of less than one year from sovereigns, PSEs, and multilateral and national development banks | B10: 0.5 | C10: 0 | D10: =B10*C10 -> 0
A11: Operational deposits | B11: 0.5 | C11: =+LCR!D36 -> 150 | D11: =B11*C11 -> 75
A12: Other funding with residual maturity between six months and less than one year not included in the above categories, including funding provided by central banks and financial institutions | B12: 0.5 | C12: 17710 | D12: =B12*C12 -> 8855
A13: All other liabilities and equity not included in the above categories, including liabilities without a stated maturity (with a specific treatment for deferred tax liabilities and minority interests) | B13: 0 | C13: 0 | D13: =B13*C13 -> 0
A14: NSFR derivative liabilities net of NSFR derivative assets if NSFR derivative liabilities are greater than NSFR derivative assets, | B14: 0 | C14: 0 | D14: =B14*C14 -> 0
A15: “Trade date” payables arising from purchases of financial instruments, foreign currencies & commodities | B15: 0 | C15: 0 | D15: =B15*C15 -> 0
A16: Total Available Stable Funding | C16: =SUM(C4:C15) -> 58097 | D16: =SUM(D4:D15) -> 47968.1
A17: Required stable funding
A18: Coins,banknotes and reserves with CBO | B18: 0 | C18: =+LCR!D5+LCR!D6 -> 3214 | D18: =B18*C18 -> 0
A19: All claims on central banks with residual maturities of less than six months | B19: 0 | C19: 0 | D19: =B19*C19 -> 0
A20: “Trade date” receivables arising from sales of financial instruments, foreign currencies and commodities | B20: 0 | C20: 0 | D20: =B20*C20 -> 0
A21: Unencumbered Level 1 assets, excluding coins, banknotes and reserves with CBO | B21: 0.05 | C21: =+LCR!D7 -> 4490 | D21: =+B21*C21 -> 224.5
A22: Unencumbered loans to financial institutions with residual maturities of less than six months, where the loan is secured against Level 1 assets as defined in LCR framework, para 5.5 and where the bank has the ability to freely rehypothecate the received collateral for the life of the loan | B22: 0.1 | C22: 0 | D22: =B22*C22 -> 0
A23: All other unencumbered loans to financial institutions with residual maturities of less than six months not included in the above categories | B23: 0.15 | C23: 38808 | D23: =B23*C23 -> 5821.2
A24: Unencumbered Level 2A assets | B24: 0.15 | C24: 0 | D24: =B24*C24 -> 0
A25: Unencumbered Level 2B assets | B25: 0.5 | C25: 0 | D25: =B25*C25 -> 0
A26: HQLA encumbered for a period of six months or more and less than one year | B26: 0.5 | C26: 0 | D26: =B26*C26 -> 0
A27: Loans to financial institutions and central banks with residual maturities between six months and less than one year | B27: 0.5 | C27: 0 | D27: =B27*C27 -> 0
A28: Deposits held at other financial institutions for operational purposes | B28: 0.5 | C28: =+LCR!D79 -> 1056 | D28: =B28*C28 -> 528
A29: All other assets not included in the above categories with residual maturity of less than one year, including loans to non-financial corporate clients, loans to retail and small business customers, and loans to sovereigns and PSEs | B29: 0.5 | C29: 6923 | D29: =B29*C29 -> 3461.5
A30: Unencumbered residential mortgages with a residual maturity of one year or more and woth a risk weight of less than or equal to 35% under the Standardised Approach | B30: 0.65 | C30: 0 | D30: =B30*C30 -> 0
A31: Other unencumbered loans not included in the above categories, excluding loans to financial institutions, with a residual maturity of one year or more and with a risk weight of less than or equal to 35% under the Standardised Approach | B31: 0.65 | C31: 0 | D31: =B31*C31 -> 0
A32: Cash, securities or other assets posted as initial margin for derivative contracts and cash or other assets provided to contribute to the default fund of a CCP | B32: 0.85 | C32: 0 | D32: =B32*C32 -> 0
A33: Other unencumbered performing loans with risk weights greater than 35% under the Standardised Approach and residual maturities of one year or more, excluding loans to financial institutions. | B33: 0.85 | C33: 1833 | D33: =B33*C33 -> 1558.05
A34: Unencumbered securities that are not in default and do not qualify as HQLA with a remaining maturity of one year or more and exchange-traded equities | B34: 0.85 | C34: 0 | D34: =B34*C34 -> 0
A35: Physical traded commodities, including gold | B35: 0.85 | C35: 0 | D35: =B35*C35 -> 0
A36: All assets that are encumbered for a period of one year or more | B36: 1 | C36: 0 | D36: =B36*C36 -> 0
A37: NSFR derivative assets net of NSFR derivative liabilities if NSFR derivative assets are greater than NSFR derivative liabilities | B37: 1 | C37: 0 | D37: =B37*C37 -> 0
A38: 20% of derivative liabilities (as per para 18 above) | B38: 1 | C38: 0 | D38: =B38*C38 -> 0
A39: All other assets not included in the above categories, including non-performing loans, loans to financial institutions with a residual maturity of one year or more, non-exchange-traded equities, fixed assets, items deducted from regulatory capital, retained interest, insurance assets, subsidiary interests and defaulted securities. | B39: 1 | C39: 1446 | D39: =+C39*B39 -> 1446
A40: Sub total (A) | C40: =SUM(C18:C39) -> 57770 | D40: =SUM(D18:D39) -> 13039.25
A41: Off balance sheet exposures
A42: Irrevocable and conditionally revocable credit and liquidity facilities to any client | B42: 0.05 | C42: =+LCR!D56 -> 3035 | D42: =B42*C42 -> 151.75
A43: Other contingent funding obligations, including products and instruments such as guarantees, letters of credit, Unconditionally revocable credit and liquidity facilities | B43: 0.05 | C43: =+LCR!D62 -> 3702 | D43: =B43*C43 -> 185.1
A44: Non contractual obligations such as potential requests for debt repurchases of the bank’s own debt or that of related conduits, securities investment vehicles and other such financing facilities, structured products where customers anticipate ready marketability, managed funds that are marketed with the objective of maintaining a stable value | B44: 0.05 | D44: =B44*C44 -> 0
A45: Sub total (B)
A46: Total Required Stable Funding (A+B) | C46: =+C40+C42+C43 -> 64507 | D46: =+D40+D42+D43 -> 13376.1
A47: NSFR (%) | D47: =D16/D46% -> 358.61051

Sheet LCR Disclosures
A1: =+LCR!D1 -> Report for the month of:-December, 2022
A2: =+LCR!B2 -> Bank:State Bank of India, Muscat
A3: LCR Common Disclosure Template for the period ending:
H4: (RO ‘000)
H5: Total Unweighted Value (average) | I5: Total Weighted Value (average)
A6: High Quality Liquid Assets
A7: 1 | B7: Total High Quality Liquid Assets (HQLA) | I7: =LCR!E21 -> 7704
A8: Cash Outflows
A9: 2 | B9: Retail deposits and deposits from small business | G9: customers, of which: | H9: =H10+H11 -> 409 | I9: =I10+I11 -> 20.45
A10: 3 | B10: Stable deposits | H10: =LCR!D26 -> 409 | I10: =LCR!E26 -> 20.45
A11: 4 | B11: Less stable deposits | H11: =LCR!D27 -> 0 | I11: =LCR!E27 -> 0
A12: 5 | B12: Unsecured wholesale funding, of which: | H12: =H13+H14+H15 -> 10209 | I12: =I13+I14+I15 -> 540.45
A13: 6 | B13: Operational deposits (all counterparties) and deposits in networks of cooperative banks | H13: =+LCR!D36 -> 150 | I13: =+LCR!E36 -> 37.5
A14: 7 | B14: Non-operational deposits (all counterparties)
A15: 8 | B15: Unsecured debt | H15: =+LCR!D30+LCR!D31+LCR!D35 -> 10059 | I15: =+LCR!E30+LCR!E31+LCR!E35 -> 502.95
A16: 9 | B16: Secured wholesale funding
A17: 10 | B17: Additional requirements, of which | H17: =H18+H19+H20 -> 0 | I17: =I18+I19+I20 -> 0
A18: 11 | B18: Outflows related to derivative exposures and other collateral requirements
A19: 12 | B19: Outflows related to loss of funding on debt products
A20: 13 | B20: Credit and liquidity facilities
A21: 14 | B21: Other contractual funding obligations | H21: =LCR!D55+LCR!D56 -> 3035 | I21: =LCR!E55+LCR!E56 -> 303.5
A22: 15 | B22: Other contingent funding obligations | H22: =LCR!D62 -> 3702 | I22: =LCR!E62 -> 185.1
A23: 16 | B23: TOTAL CASH OUTFLOWS | I23: =I9+I12+I16+I17+I21+I22 -> 1049.5
A24: Cash Inflows
A25: 17 | B25: Secured lending (e.g. reverse repos)
A26: 18 | B26: Inflows from fully performing exposures | H26: =+LCR!D80 -> 985 | I26: =+LCR!E80 -> 985
A27: 19 | B27: Other cash inflows | H27: =LCR!D74+LCR!D75+LCR!D76+LCR!D77 -> 11148 | I27: =LCR!E74+LCR!E75+LCR!E76+LCR!E77 -> 11148
A28: 20 | B28: TOTAL CASH INFLOWS | H28: =H25+H26+H27 -> 12133 | I28: =I25+I26+I27 -> 12133
I29: Total Adjusted Value
A30: 21 | B30: TOTAL HQLA | I30: =I7 -> 7704
A31: 22 | B31: TOTAL NET CASH OUTFLOWS | I31: =+LCR!E85 -> 262.375
A32: 23 | B32: LIQUIDITY COVERAGE RATIO (%) | I32: =I30/I31% -> 2936.2554

Sheet NSFR disclosures
A1: =+LCR!D1 -> Report for the month of:-December, 2022
A2: NSFR disclosures | C2: Quarter ended:
A3: =+LCR!B2 -> Bank:State Bank of India, Muscat
A4: Bank: | F4: (RO '000)
C5: Unweighted value by residual maturity
A6: ASF Item
C7: No | D7: < 6 | E7: 6 months | F7: ≥ 1yr | G7: Weighted
C8: maturity | D8: months | E8: to < 1yr | G8: value
A9: 1 | B9: Capital: | C9: =C10+C11 -> 0 | D9: =D10+D11 -> 0 | E9: =E10+E11 -> 0 | F9: =F10+F11 -> 0 | G9: =G10+G11 -> 0
A10: 2 | B10: Regulatory capital
A11: 3 | B11: Other capital instruments
A12: 4 | B12: Retail deposits and deposits from small business customers | C12: =C14+C15 -> 0 | D12: =D14+D15 -> 0 | E12: =E14+E15 -> 0 | F12: =F14+F15 -> 0 | G12: =G14+G15 -> 0
B13: business customers:
A14: 5 | B14: Stable deposits
A15: 6 | B15: Less stable deposits
A16: 7 | B16: Wholesale funding: | C16: =C17+C18 -> 0 | D16: =D17+D18 -> 0 | E16: =E17+E18 -> 0 | F16: =F17+F18 -> 0 | G16: =G17+G18 -> 0
A17: 8 | B17: Operational deposits
A18: 9 | B18: Other wholesale funding
A19: 10 | B19: Liabilities with matching interdependent assets
A20: 11 | B20: Other liabilities:
A21: 12 | B21: NSFR derivative liabilities
A22: 13 | B22: All other liabilities and equity not included in above categories
A23: 14 | B23: Total ASF | G23: =G9+G12+G16+G19+G20 -> 0
A24: RSF Item
A25: 15 | B25: Total NSFR high-quality liquid assets (HQLA)
A26: 16 | B26: Deposits held at other financial institutions for operational purposes
A27: 17 | B27: Performing loans and securities: | C27: =C28+C29+C30+C32+C34 -> 0 | D27: =D28+D29+D30+D32+D34 -> 0 | E27: =E28+E29+E30+E32+E34 -> 0 | F27: =F28+F29+F30+F32+F34 -> 0 | G27: =G28+G29+G30+G32+G34 -> 0
A28: 18 | B28: Performing loans to financial institutions secured by Level 1 HQLA
A29: 19 | B29: Performing loans to financial institutions secured by non- Level 1 HQLA and unsecured performing loans to financial institutions
A30: 20 | B30: Performing loans to non-financial corporate clients,loans to retail and small business customers, and loans to sovereigns, central banks and PSEs, of which
A31: 21 | B31: -With a risk weight of less than or equal to 35% under the Basel II Standardised approach for credit risk
A32: 22. | B32: Performing residential mortgages, of which:
A33: 23 | B33: With a risk weight of less than or equal to 35% under the Basel II Standardised Approach for credit risk
A34: 24 | B34: Securities that are not in default and do not qualify as HQLA, including exchange-traded equities
A35: 25 | B35: Assets with matching interdependent liabilities
A36: 26 | B36: Other Assets: | C36: =C37+C38+C39+C40+C41 -> 0 | D36: =D37+D38+D39+D40+D41 -> 0 | F36: =F37+F38+F39+F40+F41 -> 0 | G36: =G37+G38+G39+G40+G41 -> 0
A37: 27 | B37: Physical traded commodities, including gold
A38: 28 | B38: Assets posted as initial margin for derivative contracts and contributions to default funds of CCPs
A39: 29 | B39: NSFR derivative assets
A40: 30 | B40: NSFR derivative liabilities before deduction of variation margin posted
A41: 31 | B41: All other assets not included in the above categories
A42: 32 | B42: Off-balance sheet items
A43: 33 | B43: TOTAL RSF | G43: =G25+G26+G27+G35+G36+G42 -> 0
A44: 34 | B44: NET STABLE FUNDING RATIO (%)

Sheet Funding
A1: Name of the Bank/Islamic Banking window: | I1: Bank: State Bank of India, Muscat
A3: Statement for the Quarter ending: | I3: 43922
A5: Part A | D5: Funding Concentration based on Counterparty
A7: A1 | D7: Significant Counterparty – Deposits and borrowings a
A9: A1.1 | D9: Significant Counterparty – Deposits
A11: Sr No. | D11: Name of the Counterparty | G11: Amount (RO'000) | K11: % of Total deposits | N11: % of Total balance sheet
A13: 1 | D13: MSA GLOBAL LLC | G13: 2666 | K13: =+(G13/V90) -> 0.27371663 | L13: 0.27802937 | M13: 0.27802937 | N13: =+(G13/V89) -> 0.067118149 | O13: 0.24382955 | P13: 0.24382955
K14: 0.27802937 | L14: 0.27802937 | M14: 0.27802937 | N14: 0.24382955 | O14: 0.24382955 | P14: 0.24382955
A15: 2 | D15: ENGINEERING PROJECTS (INDIA) | G15: 890 | K15: =+(G15/V90) -> 0.09137577 | L15: 0.27802937 | M15: 0.27802937 | N15: =+(G15/V89) -> 0.022406284 | O15: 0.092242305 | P15: 0.092242305
K16: 0.27802937 | L16: 0.27802937 | M16: 0.27802937 | N16: 0.092242305 | O16: 0.092242305 | P16: 0.092242305
A17: 3 | D17: Pradeep Kumar | G17: 322 | K17: =+(G17/V90) -> 0.033059548 | L17: 0.099904971 | M17: 0.099904971 | N17: =+(G17/V89) -> 0.0081065431 | O17: 0.092242305 | P17: 0.092242305
K18: 0.099904971 | L18: 0.099904971 | M18: 0.099904971 | N18: 0.092242305 | O18: 0.092242305 | P18: 0.092242305
A19: 4 | D19: INDIAN SCHOOL AL MAABELA | G19: 423 | K19: =+(G19/V90) -> 0.043429158 | L19: 0.099904971 | M19: 0.099904971 | N19: =+(G19/V89) -> 0.010649279 | O19: 0.092242305 | P19: 0.092242305
K20: 0.099904971 | L20: 0.099904971 | M20: 0.099904971 | N20: 0.092242305 | O20: 0.092242305 | P20: 0.092242305
A21: 5 | D21: V T Saileswaran | G21: 273 | K21: =+(G21/V90) -> 0.028028747 | L21: 0.065288461 | M21: 0.065288461 | N21: =+(G21/V89) -> 0.0068729387 | O21: 0.065288461 | P21: 0.065288461
D22: TOTAL | G22: =SUM(G13:J21) -> 4574
A24: A1.2 | D24: Significant Counterparty - Borrowings
A26: Sr No. | D26: Name of the Counterparty | G26: Amount (RO '000) | K26: % of Total borrowings | N26: % of Total balance sheet
A28: 1 | D28: Borrowing from State Bank of India, Bahrain | G28: 0 | N28: 0
A30: 2 | D30: Borrowing from State Bank of India, New York | G30: 0 | N30: 0
D34: TOTAL | G34: =SUM(G28:J33) -> 0
A36: A2 | D36: Top Deposits
A38: Sr No. | D38: Particulars | G38: Break up of Deposits held | K38: Amount (RO' 000) | N38: % of Total Deposits
A40: 1 | D40: =+D13 -> MSA GLOBAL LLC | G40: Savings
G42: Current
G44: Term | K44: =+G13 -> 2666
G46: Total | K46: =K40+K42+K44 -> 2666 | N46: =+K13 -> 0.27371663 | O46: 0.27802937 | P46: 0.27802937
N47: 0.27802937 | O47: 0.27802937 | P47: 0.27802937
A48: 2 | D48: ENGINEERING PROJECTS (INDIA) | G48: Savings
G50: Current
G52: Term | K52: =+G15 -> 890
G54: Total | K54: =K48+K50+K52 -> 890 | N54: =+K15 -> 0.09137577 | O54: 0.159872 | P54: 0.159872
N55: 0.159872 | O55: 0.159872 | P55: 0.159872
A56: 3 | D56: =+D17 -> Pradeep Kumar | G56: Savings
G60: Current
G62: Term | K62: =+G17 -> 322
G64: Total | K64: =K56+K60+K62 -> 322 | N64: =+K17 -> 0.033059548 | O64: 0.099904971 | P64: 0.099904971
N65: 0.099904971 | O65: 0.099904971 | P65: 0.099904971
A66: 4 | D66: =+D19 -> INDIAN SCHOOL AL MAABELA | G66: Savings
G68: Current
G70: Term | K70: =+G19 -> 423
G72: Total | K72: =K66+K68+K70 -> 423 | N72: =+K19 -> 0.043429158 | O72: 0.092242305 | P72: 0.092242305
N73: 0.092242305 | O73: 0.092242305 | P73: 0.092242305
A74: 5 | D74: =+D21 -> V T Saileswaran | G74: Savings
G78: Current
G80: Term | K80: =+G21 -> 273
G82: Total | K82: =K74+K78+K80 -> 273 | N82: =+K21 -> 0.028028747
A84: Part B | C84: Funding Concentration based on instrument/product
A86: B | C86: Significant instrument/product
A88: Sr. No. | C88: Name of the instrument/product | G88: Amount (RO '000) | I88: % of Total balance sheet
T89: A/L-RD2 | U89: Total Balance sheet | V89: 39721
A90: 1 | C90: Customer deposit | G90: =+V90 -> 9740 | I90: =+(V90/V89) -> 0.24521034 | T90: RD2 | U90: Total Deposits | V90: 9740
A92: 2 | C92: Inter branch - Borrowing | G92: 0 | I92: 0
A94: ---
F98: TOTAL | G98: =SUM(G90:H97) -> 9740

Sheet Unencumbered assets
A1: Statement of Available Unencumbered Assets
E2: (Amounts in RO ‘000)
A3: Name of the Bank/Islamic Banking Window: | E3: =Funding!I1 -> Bank: State Bank of India, Muscat
A4: Statement for the Quarter | E4: =Funding!I3 -> 43922
A5: Available unencumbered assets that are marketable as collateral in secondary markets and/or eligible for central bank’s standing facilities
A7: Sr No | B7: Value | C7: Type of Asset | D7: Location | E7: Estimated haircut required by the secondary market | F7: Expected monetised value of the collateral
A20: TOTAL | B20: =SUM(B8:B19) -> 0 | F20: =SUM(F8:F19) -> 0
A22: Available unencumbered assets that are marketable as collateral in secondary markets and/or eligible for central bank's standing facilities by significant currency
A24: Sr No. | B24: Type of Asset | C24: Value | D24: Location | E24: Estimated haircut required by the secondary market | F24: Expected monetised value of the collateral
A38: TOTAL | C38: =SUM(C25:C37) -> 0 | F38: =SUM(F25:F37) -> 0

Sheet Other info
B1: Statement on ‘Other Information’ on Liquidity
B2: Name of the Bank/Window | F2: =Funding!I1 -> Bank: State Bank of India, Muscat
B3: Statement for the Quarter | F3: =Funding!I3 -> 43922
B4: A | C4: Movement in Equity Share Prices for listed entities of the Group
A5: Sr. No. | B5: Entity | C5: Face Value | D5: Opening Price on the First Trading day | E5: Highest Price of the quarter | G5: Lowest Price of the quarter | I5: Closing Price on the last trading day | J5: Volatility (Standard deviation) of the Price for the quarter (%)
E7: Date | F7: Price | G7: Date | H7: Price
E12: Not Applicable
B20: B | C20: Movement in prices of Non-equity, debt and money market instruments issued by the bank
A21: Sl. No. | B21: Type of Instrument | C21: Date of Issue | D21: Face Value & coupon (%) | E21: Issue Price | F21: Amount Outstanding | G21: Date of | H21: Price movement during the qurter
G22: Maturity | H22: Opening | I22: High | J22: Low | K22: Closing
E27: Not Applicable

Sheet Sheet1

Sheet LCR Before Investment
B1: Level 1 assets | F1: Description
A2: 1 | B2: Coins and bank notes | C2: 1 | D2: 190.60657 | E2: =D2*C2 -> 190.60657 | F2: OMR Currency at the branch
A3: 2 | B3: Qualifying central bank reserves | C3: 1 | D3: 1924 | E3: =D3*C3 -> 1924 | F3: Cash Balance with CBO
A4: 3 | B4: Qualifying marketable securities from sovereigns,central banks, PSEs and multilateral development banks | C4: 1 | D4: 1000 | E4: =D4*C4 -> 1000 | F4: Govt Development Bonds
A5: 4 | B5: Domestic sovereign or Central Bank debt for non-0% risk weighted sovereigns | C5: 1 | D5: 0 | E5: =D5*C5 -> 0
A6: 5 | B6: Total Level 1 assets | D6: =SUM(D2:D5) -> 3114.6066 | E6: =SUM(E2:E5) -> 3114.6066
B7: Level 2A
A8: 6 | B8: Sovereign,CB,PSE, multilateral development banks assets (qualifying for 20% risk weighing) | C8: 0.85 | D8: 0 | E8: =D8*C8 -> 0
A9: 7 | B9: Qualifying Corporate debt securities AA- or higher | C9: 0.85 | D9: 0 | E9: =D9*C9 -> 0
A10: 8 | B10: Qualifying Covered bonds AA- or higher | C10: 0.85 | D10: 0 | E10: =D10*C10 -> 0
A11: 9 | B11: Total Level 2A | D11: =D8+D9+D10 -> 0 | E11: =SUM(E8:E10) -> 0
B12: Level 2B
A13: 10 | B13: Qualifying RMBS | C13: 0.75 | E13: =D13*C13 -> 0
A14: 11 | B14: Qualifying corporate debt securities, rated between A+ and BBB- | C14: 0.5 | E14: =D14*C14 -> 0
A15: 12 | B15: Qualifying common equity shares | C15: 0.5 | D15: 0 | E15: =D15*C15 -> 0
A16: 13 | B16: Total Level 2B (maximum 15% of HQLA) | D16: =D13+D14+D15 -> 0 | E16: =SUM(E13:E15) -> 0
A17: 14 | B17: Total level 2 assets (Maximum 40% of HQLA) | D17: =D11+D16 -> 0 | E17: =E11+E16 -> 0
A18: 15 | B18: Total Stock of high quality liquid assets | D18: =SUM(D6+D17) -> 3114.6066 | E18: =+SUM(E6+E17) -> 3114.6066
B19: Cash outflows
B20: A. Retail Deposits (Customer Deposits)
B21: Demand Deposits + Term Deposits with residual maturity upto 30 days
A22: 16 | B22: ...Stable deposits (deposit insurance scheme meets addl criteria) | C22: 0.03 | E22: =D22*C22 -> 0
A23: 17 | B23: - Stable Deposits | C23: 0.05 | D23: 756.18357 | E23: =D23*C23 -> 37.809179
A24: 18 | B24: - Less Stable retail Deposits | C24: 0.1 | D24: 179.82242 | E24: =D24*C24 -> 17.982242
A25: 19 | B25: Term Deposits with residual maturity of more than 30 days | C25: 0 | D25: 2524 | E25: 0
B26: B. Unsecured Wholesale Funding
A27: 20 | B27: Demand and term deposits (less than 30 days) -stable deposits | C27: 0.05 | D27: 965.14105 | E27: =+D27*C27 -> 48.257053
A28: 21 | B28: Less Stable deposits | C28: 0.1 | D28: 533.31828 | E28: =+D28*C28 -> 53.331828
A29: 22 | B29: Non financial corporates, sovereigns,central banks and PSE | C29: 0.4 | D29: 0 | E29: =+D29*C29 -> 0
A30: 23 | B30: …If entire portion covered by deposit insurance | C30: 0.2 | D30: 0 | E30: =+D30*C30 -> 0
A31: 24 | B31: Cooperative banks in an institutional network (qualifying deposits with with the centralised institution) | C31: 0.25 | E31: =+D31*C31 -> 0
A32: 25 | B32: Other legal entity customers | C32: 1 | D32: 18555 | E32: =+D32*C32 -> 18555 | F32: Borrowings
A33: 26 | B33: Operational deposits generated by clearing, custody and cash management activities | C33: 0.25 | D33: 115.03 | E33: =+D33*C33 -> 28.7575 | F33: Vostro Balances
A34: 27 | B34: …..Portion covered by deposit insurance | C34: 0.05 | D34: 0 | E34: =+D34*C34 -> 0
B35: C. Secured Funding | E35: =+D35*C35 -> 0
A36: 28 | B36: Secured funding transactions with a central bank or backed by Level I assets with any counterparty | C36: 0 | D36: 0 | E36: =+D36*C36 -> 0
A37: 29 | B37: Secured funding transactions backed by Level 2A assets with any counterparty | C37: 0.15 | D37: 0 | E37: =+D37*C37 -> 0
A38: 30 | B38: Secured funding transactions backed by non level 1 or non level 2A assets with domestic Sovereign,domestic PSE, multilateral development banks as a counterparty | C38: 0.25 | D38: 0 | E38: =+D38*C38 -> 0
A39: 31 | B39: Backed by RMBS eligible for inclusion in level 2B | C39: 0.25 | D39: 0 | E39: =+D39*C39 -> 0
A40: 32 | B40: Backed by other level 2B assets | C40: 0.5 | D40: 0 | E40: =+D40*C40 -> 0
A41: 33 | B41: All other secured funding transactions | C41: 1 | D41: 0 | E41: =+D41*C41 -> 0
B42: D. Additional Requirements | E42: =+D42*C42 -> 0
A43: 34 | B43: Liquidity needs (e.g. collateral calls)related to financing transactions,derivatives and other contracts , downgrade of up to 3 notches | C43: 1 | D43: 0 | E43: =+D43*C43 -> 0
A44: 35 | B44: Market valuation changes on derivatives (largest absolute net 30 day collateral flows realised during preceding 24 months-look back approach) | C44: 1 | D44: 0 | E44: =+D44*C44 -> 0
A45: 36 | B45: Valuation changes on non-level 1 posted collateral securing derivatives | C45: 0.2 | D45: 0 | E45: =+D45*C45 -> 0
A46: 37 | B46: Excess collateral held by a bank related to derivative transactions contractually callable at any time by its counterparty | C46: 1 | D46: 0 | E46: =+D46*C46 -> 0
A47: 38 | B47: Liquidity needs related to collateral contractually due from reporting bank on derivative transactions | C47: 1 | D47: 0 | E47: =+D47*C47 -> 0
A48: 39 | B48: Increased Liquidity needs related to derivative transactions that allow collateral substitution to non-HQLA assets | C48: 1 | D48: 0 | E48: =+D48*C48 -> 0
A49: 40 | B49: Liabilities maturing from SPV's, ABCP's and SIV's etc. (applied to maturing amounts and returnable assets) | C49: 1 | D49: 0 | E49: =+D49*C49 -> 0
A50: 41 | B50: Asset backed securities (including covere bonds) applied to maturing amounts | C50: 1 | D50: 0 | E50: =+D50*C50 -> 0
B51: Currently undrawn portion of credit lines | E51: =+D51*C51 -> 0
A52: 42 | B52: (i) Retail and small business | C52: 0.05 | D52: 0 | E52: =+D52*C52 -> 0
A53: 43 | B53: (ii)Non Financial corporates, Sovereign,CB,PSEs, multilateral development banks credit facility | C53: 0.1 | D53: 2139 | E53: =+D53*C53 -> 213.9 | F53: Undrawn portion CCOD
A54: 44 | B54: (iii)Non Financial corporates, Sovereign,CB,PSEs, multilateral development banks -liquidity facility | C54: 0.3 | D54: 0 | E54: =+D54*C54 -> 0
A55: 45 | B55: (iv) Banks subject to prudential supervision | C55: 0.4 | D55: 0 | E55: =+D55*C55 -> 0
A56: 46 | B56: (v) Other Financial Institutions credit | C56: 0.4 | D56: 0 | E56: =+D56*C56 -> 0
A57: 47 | B57: (vi) Other Financial institutions-liquidity | C57: 1 | D57: 0 | E57: =+D57*C57 -> 0
A58: 48 | B58: (vii) Other Legal entity customers, credit and liquidity facilities | C58: 1 | D58: 0 | E58: =+D58*C58 -> 0
A59: 49 | B59: Other contingent funding liabilities (L/cs,LGs) | C59: 0.05 | D59: 1964 | E59: =+D59*C59 -> 98.2 | F59: LCBG
A60: 50 | B60: Trade finance | C60: 0.05 | D60: 0 | E60: =+D60*C60 -> 0
A61: 51 | B61: Customer short positions covered by other customers' collateral | C61: 0.5 | E61: =+D61*C61 -> 0
A62: 52 | B62: Any Other outflows | C62: 1 | D62: 0 | E62: =+D62*C62 -> 0
A63: 53 | B63: Total cash outflows | D63: =SUM(D22:D62) -> 27731.495 | E63: =SUM(E22:E62) -> 19053.238
B64: Cash Inflows
B65: Maturing secured lending transactions backed by following collateral:-
A66: 54 | B66: Level 1 assets | C66: 0 | D66: 3361 | E66: =D66*C66 -> 0
A67: 55 | B67: Level 2A assets | C67: 0.15 | D67: 0 | E67: =D67*C67 -> 0
A68: 56 | B68: Level 2B assets-eligible RMBS | C68: 0.25 | D68: 0 | E68: =D68*C68 -> 0
A69: 57 | B69: …..Other assets | C69: 0.5 | D69: 0 | E69: =D69*C69 -> 0
A70: 58 | B70: Margin lending backed by all other collaterals | C70: 0.5 | D70: 0 | E70: =D70*C70 -> 0
A71: 59 | B71: All other assets | C71: 1 | D71: 157.97 | E71: =D71*C71 -> 157.97 | F71: Interest Receivable
A72: 60 | B72: Amts to be received from retail counterparties | C72: 0.5 | D72: 0 | E72: =D72*C72 -> 0
A73: 61 | B73: Amounts to be received from non financial wholesale counterparties from transactions other than those listed. | C73: 0.5 | D73: 0 | E73: =D73*C73 -> 0
A74: 62 | B74: Amounts to be received from financial institutions and central banks from transactions other than those listed | C74: 1 | D74: 8300 | E74: =D74*C74 -> 8300 | F74: Placements
A75: 63 | B75: Credit or liquidity facilities provided to the reporting bank | C75: 0 | D75: 0 | E75: =D75*C75 -> 0
A76: 64 | B76: Operational deposits held at other financial institutions | C76: 0 | D76: 705.37 | E76: =D76*C76 -> 0
A77: 65 | B77: Other contractual cash inflows | C77: 1 | D77: 3550 | E77: =D77*C77 -> 3550
A78: 66 | B78: Net derivatives cash inflows | C78: 1 | D78: 0 | E78: =D78*C78 -> 0
A79: 67 | B79: Total cash inflows | D79: =SUM(D66:D78) -> 16074.34 | E79: =SUM(E66:E78) -> 12007.97
A80: 68 | B80: 75% of outflows | E80: =+E63*0.75 -> 14289.928
A81: 69 | B81: Inflows restricted to 75% of outflows | E81: =MIN(E79,E80) -> 12007.97
A82: 70 | B82: Net cash Outflow | E82: =+E63-E81 -> 7045.2678
A83: 71 | B83: LCR (%) | E83: =+(D18/E82)*100 -> 44.208491

Sheet LCR after Investment
B1: Level 1 assets | F1: Description
A2: 1 | B2: Coins and bank notes | C2: 1 | D2: 73 | E2: =D2*C2 -> 73 | F2: OMR Currency at the branch
A3: 2 | B3: Qualifying central bank reserves | C3: 1 | D3: 2232 | E3: =D3*C3 -> 2232 | F3: Cash Balance with CBO
A4: 3 | B4: Qualifying marketable securities from sovereigns,central banks, PSEs and multilateral development banks | C4: 1 | D4: 5458 | E4: =D4*C4 -> 5458 | F4: Govt Development Bonds
A5: 4 | B5: Domestic sovereign or Central Bank debt for non-0% risk weighted sovereigns | C5: 1 | D5: 0 | E5: =D5*C5 -> 0
A6: 5 | B6: Total Level 1 assets | D6: =SUM(D2:D5) -> 7763 | E6: =SUM(E2:E5) -> 7763
B7: Level 2A
A8: 6 | B8: Sovereign,CB,PSE, multilateral development banks assets (qualifying for 20% risk weighing) | C8: 0.85 | D8: 0 | E8: =D8*C8 -> 0
A9: 7 | B9: Qualifying Corporate debt securities AA- or higher | C9: 0.85 | D9: 0 | E9: =D9*C9 -> 0
A10: 8 | B10: Qualifying Covered bonds AA- or higher | C10: 0.85 | D10: 0 | E10: =D10*C10 -> 0
A11: 9 | B11: Total Level 2A | D11: =D8+D9+D10 -> 0 | E11: =SUM(E8:E10) -> 0
B12: Level 2B
A13: 10 | B13: Qualifying RMBS | C13: 0.75 | E13: =D13*C13 -> 0
A14: 11 | B14: Qualifying corporate debt securities, rated between A+ and BBB- | C14: 0.5 | E14: =D14*C14 -> 0
A15: 12 | B15: Qualifying common equity shares | C15: 0.5 | D15: 0 | E15: =D15*C15 -> 0
A16: 13 | B16: Total Level 2B (maximum 15% of HQLA) | D16: =D13+D14+D15 -> 0 | E16: =SUM(E13:E15) -> 0
A17: 14 | B17: Total level 2 assets (Maximum 40% of HQLA) | D17: =D11+D16 -> 0 | E17: =E11+E16 -> 0
A18: 15 | B18: Total Stock of high quality liquid assets | D18: =SUM(D6+D17) -> 7763 | E18: =+SUM(E6+E17) -> 7763
B19: Cash outflows
B20: A. Retail Deposits (Customer Deposits)
B21: Demand Deposits + Term Deposits with residual maturity upto 30 days
A22: 16 | B22: ...Stable deposits (deposit insurance scheme meets addl criteria) | C22: 0.03 | E22: =D22*C22 -> 0
A23: 17 | B23: - Stable Deposits | C23: 0.05 | D23: 756.18357 | E23: =D23*C23 -> 37.809179
A24: 18 | B24: - Less Stable retail Deposits | C24: 0.1 | D24: 179.82242 | E24: =D24*C24 -> 17.982242
A25: 19 | B25: Term Deposits with residual maturity of more than 30 days | C25: 0 | D25: 2524 | E25: 0
B26: B. Unsecured Wholesale Funding
A27: 20 | B27: Demand and term deposits (less than 30 days) -stable deposits | C27: 0.05 | D27: 965.14105 | E27: =+D27*C27 -> 48.257053
A28: 21 | B28: Less Stable deposits | C28: 0.1 | D28: 533.31828 | E28: =+D28*C28 -> 53.331828
A29: 22 | B29: Non financial corporates, sovereigns,central banks and PSE | C29: 0.4 | D29: 0 | E29: =+D29*C29 -> 0
A30: 23 | B30: …If entire portion covered by deposit insurance | C30: 0.2 | D30: 0 | E30: =+D30*C30 -> 0
A31: 24 | B31: Cooperative banks in an institutional network (qualifying deposits with with the centralised institution) | C31: 0.25 | E31: =+D31*C31 -> 0
A32: 25 | B32: Other legal entity customers | C32: 1 | D32: 20285 | E32: =+D32*C32 -> 20285 | F32: Borrowings
A33: 26 | B33: Operational deposits generated by clearing, custody and cash management activities | C33: 0.25 | D33: 140 | E33: =+D33*C33 -> 35 | F33: Vostro Balances
A34: 27 | B34: …..Portion covered by deposit insurance | C34: 0.05 | D34: 0 | E34: =+D34*C34 -> 0
B35: C. Secured Funding | E35: =+D35*C35 -> 0
A36: 28 | B36: Secured funding transactions with a central bank or backed by Level I assets with any counterparty | C36: 0 | D36: 0 | E36: =+D36*C36 -> 0
A37: 29 | B37: Secured funding transactions backed by Level 2A assets with any counterparty | C37: 0.15 | D37: 0 | E37: =+D37*C37 -> 0
A38: 30 | B38: Secured funding transactions backed by non level 1 or non level 2A assets with domestic Sovereign,domestic PSE, multilateral development banks as a counterparty | C38: 0.25 | D38: 0 | E38: =+D38*C38 -> 0
A39: 31 | B39: Backed by RMBS eligible for inclusion in level 2B | C39: 0.25 | D39: 0 | E39: =+D39*C39 -> 0
A40: 32 | B40: Backed by other level 2B assets | C40: 0.5 | D40: 0 | E40: =+D40*C40 -> 0
A41: 33 | B41: All other secured funding transactions | C41: 1 | D41: 0 | E41: =+D41*C41 -> 0
B42: D. Additional Requirements | E42: =+D42*C42 -> 0
A43: 34 | B43: Liquidity needs (e.g. collateral calls)related to financing transactions,derivatives and other contracts , downgrade of up to 3 notches | C43: 1 | D43: 0 | E43: =+D43*C43 -> 0
A44: 35 | B44: Market valuation changes on derivatives (largest absolute net 30 day collateral flows realised during preceding 24 months-look back approach) | C44: 1 | D44: 0 | E44: =+D44*C44 -> 0
A45: 36 | B45: Valuation changes on non-level 1 posted collateral securing derivatives | C45: 0.2 | D45: 0 | E45: =+D45*C45 -> 0
A46: 37 | B46: Excess collateral held by a bank related to derivative transactions contractually callable at any time by its counterparty | C46: 1 | D46: 0 | E46: =+D46*C46 -> 0
A47: 38 | B47: Liquidity needs related to collateral contractually due from reporting bank on derivative transactions | C47: 1 | D47: 0 | E47: =+D47*C47 -> 0
A48: 39 | B48: Increased Liquidity needs related to derivative transactions that allow collateral substitution to non-HQLA assets | C48: 1 | D48: 0 | E48: =+D48*C48 -> 0
A49: 40 | B49: Liabilities maturing from SPV's, ABCP's and SIV's etc. (applied to maturing amounts and returnable assets) | C49: 1 | D49: 0 | E49: =+D49*C49 -> 0
A50: 41 | B50: Asset backed securities (including covere bonds) applied to maturing amounts | C50: 1 | D50: 0 | E50: =+D50*C50 -> 0
B51: Currently undrawn portion of credit lines | E51: =+D51*C51 -> 0
A52: 42 | B52: (i) Retail and small business | C52: 0.05 | D52: 0 | E52: =+D52*C52 -> 0
A53: 43 | B53: (ii)Non Financial corporates, Sovereign,CB,PSEs, multilateral development banks credit facility | C53: 0.1 | D53: 2139 | E53: =+D53*C53 -> 213.9 | F53: Undrawn portion CCOD
A54: 44 | B54: (iii)Non Financial corporates, Sovereign,CB,PSEs, multilateral development banks -liquidity facility | C54: 0.3 | D54: 0 | E54: =+D54*C54 -> 0
A55: 45 | B55: (iv) Banks subject to prudential supervision | C55: 0.4 | D55: 0 | E55: =+D55*C55 -> 0
A56: 46 | B56: (v) Other Financial Institutions credit | C56: 0.4 | D56: 0 | E56: =+D56*C56 -> 0
A57: 47 | B57: (vi) Other Financial institutions-liquidity | C57: 1 | D57: 0 | E57: =+D57*C57 -> 0
A58: 48 | B58: (vii) Other Legal entity customers, credit and liquidity facilities | C58: 1 | D58: 0 | E58: =+D58*C58 -> 0
A59: 49 | B59: Other contingent funding liabilities (L/cs,LGs) | C59: 0.05 | D59: 1964 | E59: =+D59*C59 -> 98.2 | F59: LCBG
A60: 50 | B60: Trade finance | C60: 0.05 | D60: 0 | E60: =+D60*C60 -> 0
A61: 51 | B61: Customer short positions covered by other customers' collateral | C61: 0.5 | E61: =+D61*C61 -> 0
A62: 52 | B62: Any Other outflows | C62: 1 | D62: 0 | E62: =+D62*C62 -> 0
A63: 53 | B63: Total cash outflows | D63: =SUM(D22:D62) -> 29486.465 | E63: =SUM(E22:E62) -> 20789.48
B64: Cash Inflows
B65: Maturing secured lending transactions backed by following collateral:-
A66: 54 | B66: Level 1 assets | C66: 0 | D66: 3361 | E66: =D66*C66 -> 0
A67: 55 | B67: Level 2A assets | C67: 0.15 | D67: 0 | E67: =D67*C67 -> 0
A68: 56 | B68: Level 2B assets-eligible RMBS | C68: 0.25 | D68: 0 | E68: =D68*C68 -> 0
A69: 57 | B69: …..Other assets | C69: 0.5 | D69: 0 | E69: =D69*C69 -> 0
A70: 58 | B70: Margin lending backed by all other collaterals | C70: 0.5 | D70: 0 | E70: =D70*C70 -> 0
A71: 59 | B71: All other assets | C71: 1 | D71: 157.97 | E71: =D71*C71 -> 157.97 | F71: Interest Receivable
A72: 60 | B72: Amts to be received from retail counterparties | C72: 0.5 | D72: 0 | E72: =D72*C72 -> 0
A73: 61 | B73: Amounts to be received from non financial wholesale counterparties from transactions other than those listed. | C73: 0.5 | D73: 0 | E73: =D73*C73 -> 0
A74: 62 | B74: Amounts to be received from financial institutions and central banks from transactions other than those listed | C74: 1 | D74: 7700 | E74: =D74*C74 -> 7700 | F74: Placements
A75: 63 | B75: Credit or liquidity facilities provided to the reporting bank | C75: 0 | D75: 0 | E75: =D75*C75 -> 0
A76: 64 | B76: Operational deposits held at other financial institutions | C76: 0 | D76: 705.37 | E76: =D76*C76 -> 0
A77: 65 | B77: Other contractual cash inflows | C77: 1 | D77: 5500 | E77: =D77*C77 -> 5500
A78: 66 | B78: Net derivatives cash inflows | C78: 1 | D78: 0 | E78: =D78*C78 -> 0
A79: 67 | B79: Total cash inflows | D79: =SUM(D66:D78) -> 17424.34 | E79: =SUM(E66:E78) -> 13357.97
A80: 68 | B80: 75% of outflows | E80: =+E63*0.75 -> 15592.11
A81: 69 | B81: Inflows restricted to 75% of outflows | E81: =MIN(E79,E80) -> 13357.97
A82: 70 | B82: Net cash Outflow | E82: =+E63-E81 -> 7431.5103
A83: 71 | B83: LCR (%) | E83: =+(D18/E82)*100 -> 104.4606

Sheet Sheet2
B1: 28.02.2022 | C1: From 1 March to 5 March | D1: 17-21 | E1: 21-28 | F1: 29.03.2022 | G1: 30.03.2022
A2: HQLA | B2: 3.1 | C2: 2.78 | D2: 3.29 | E2: 3.79 | F2: 3.115 | G2: 7.763
A3: Borrowings | B3: 10.08 | C3: 10.08 | D3: 21.785 | E3: 23.52 | F3: 18.55 | G3: 20.28
A4: Placements | B4: 3.8 | C4: 10.85 | D4: 10.85 | E4: 10.85 | F4: 8.3 | G4: 7.7
A5: 75% of inflow | B5: =+B4*0.75 -> 2.85 | C5: =+C4*0.75 -> 8.1375 | D5: =+D4*0.75 -> 8.1375 | E5: =+E4*0.75 -> 8.1375 | F5: =+F4*0.75 -> 6.225 | G5: =+G4*0.75 -> 5.775
A6: net out flow | B6: =B3-B5 -> 7.23 | C6: =C3-C5 -> 1.9425 | D6: =D3-D5 -> 13.6475 | E6: =E3-E5 -> 15.3825 | F6: =F3-F5 -> 12.325 | G6: =G3-G5 -> 14.505
A7: LCR% | B7: 120.48 | C7: 105.5 | D7: 42.6 | E7: 40.07 | F7: 44.21 | G7: 104.46

Sheet Sheet3
B1: Level 1 assets | F1: Description
A2: 1 | B2: Coins and bank notes | C2: 1 | D2: 190.60657 | E2: =D2*C2 -> 190.60657 | F2: OMR Currency at the branch
A3: 2 | B3: Qualifying central bank reserves | C3: 1 | D3: 1600 | E3: =D3*C3 -> 1600 | F3: Cash Balance with CBO
A4: 3 | B4: Qualifying marketable securities from sovereigns,central banks, PSEs and multilateral development banks | C4: 1 | D4: 1000 | E4: =D4*C4 -> 1000 | F4: Govt Development Bonds
A5: 4 | B5: Domestic sovereign or Central Bank debt for non-0% risk weighted sovereigns | C5: 1 | D5: 0 | E5: =D5*C5 -> 0
A6: 5 | B6: Total Level 1 assets | D6: =SUM(D2:D5) -> 2790.6066 | E6: =SUM(E2:E5) -> 2790.6066
B7: Level 2A
A8: 6 | B8: Sovereign,CB,PSE, multilateral development banks assets (qualifying for 20% risk weighing) | C8: 0.85 | D8: 0 | E8: =D8*C8 -> 0
A9: 7 | B9: Qualifying Corporate debt securities AA- or higher | C9: 0.85 | D9: 0 | E9: =D9*C9 -> 0
A10: 8 | B10: Qualifying Covered bonds AA- or higher | C10: 0.85 | D10: 0 | E10: =D10*C10 -> 0
A11: 9 | B11: Total Level 2A | D11: =D8+D9+D10 -> 0 | E11: =SUM(E8:E10) -> 0
B12: Level 2B
A13: 10 | B13: Qualifying RMBS | C13: 0.75 | E13: =D13*C13 -> 0
A14: 11 | B14: Qualifying corporate debt securities, rated between A+ and BBB- | C14: 0.5 | E14: =D14*C14 -> 0
A15: 12 | B15: Qualifying common equity shares | C15: 0.5 | D15: 0 | E15: =D15*C15 -> 0
A16: 13 | B16: Total Level 2B (maximum 15% of HQLA) | D16: =D13+D14+D15 -> 0 | E16: =SUM(E13:E15) -> 0
A17: 14 | B17: Total level 2 assets (Maximum 40% of HQLA) | D17: =D11+D16 -> 0 | E17: =E11+E16 -> 0
A18: 15 | B18: Total Stock of high quality liquid assets | D18: =SUM(D6+D17) -> 2790.6066 | E18: =+SUM(E6+E17) -> 2790.6066
B19: Cash outflows
B20: A. Retail Deposits (Customer Deposits)
B21: Demand Deposits + Term Deposits with residual maturity upto 30 days
A22: 16 | B22: ...Stable deposits (deposit insurance scheme meets addl criteria) | C22: 0.03 | E22: =D22*C22 -> 0
A23: 17 | B23: - Stable Deposits | C23: 0.05 | D23: 756.18357 | E23: =D23*C23 -> 37.809179
A24: 18 | B24: - Less Stable retail Deposits | C24: 0.1 | D24: 179.82242 | E24: =D24*C24 -> 17.982242
A25: 19 | B25: Term Deposits with residual maturity of more than 30 days | C25: 0 | D25: 2524 | E25: 0
B26: B. Unsecured Wholesale Funding
A27: 20 | B27: Demand and term deposits (less than 30 days) -stable deposits | C27: 0.05 | D27: 965.14105 | E27: =+D27*C27 -> 48.257053
A28: 21 | B28: Less Stable deposits | C28: 0.1 | D28: 533.31828 | E28: =+D28*C28 -> 53.331828
A29: 22 | B29: Non financial corporates, sovereigns,central banks and PSE | C29: 0.4 | D29: 0 | E29: =+D29*C29 -> 0
A30: 23 | B30: …If entire portion covered by deposit insurance | C30: 0.2 | D30: 0 | E30: =+D30*C30 -> 0
A31: 24 | B31: Cooperative banks in an institutional network (qualifying deposits with with the centralised institution) | C31: 0.25 | E31: =+D31*C31 -> 0
A32: 25 | B32: Other legal entity customers | C32: 1 | D32: 10080 | E32: =+D32*C32 -> 10080 | F32: Borrowings
A33: 26 | B33: Operational deposits generated by clearing, custody and cash management activities | C33: 0.25 | D33: 115.03 | E33: =+D33*C33 -> 28.7575 | F33: Vostro Balances
A34: 27 | B34: …..Portion covered by deposit insurance | C34: 0.05 | D34: 0 | E34: =+D34*C34 -> 0
B35: C. Secured Funding | E35: =+D35*C35 -> 0
A36: 28 | B36: Secured funding transactions with a central bank or backed by Level I assets with any counterparty | C36: 0 | D36: 0 | E36: =+D36*C36 -> 0
A37: 29 | B37: Secured funding transactions backed by Level 2A assets with any counterparty | C37: 0.15 | D37: 0 | E37: =+D37*C37 -> 0
A38: 30 | B38: Secured funding transactions backed by non level 1 or non level 2A assets with domestic Sovereign,domestic PSE, multilateral development banks as a counterparty | C38: 0.25 | D38: 0 | E38: =+D38*C38 -> 0
A39: 31 | B39: Backed by RMBS eligible for inclusion in level 2B | C39: 0.25 | D39: 0 | E39: =+D39*C39 -> 0
A40: 32 | B40: Backed by other level 2B assets | C40: 0.5 | D40: 0 | E40: =+D40*C40 -> 0
A41: 33 | B41: All other secured funding transactions | C41: 1 | D41: 0 | E41: =+D41*C41 -> 0
B42: D. Additional Requirements | E42: =+D42*C42 -> 0
A43: 34 | B43: Liquidity needs (e.g. collateral calls)related to financing transactions,derivatives and other contracts , downgrade of up to 3 notches | C43: 1 | D43: 0 | E43: =+D43*C43 -> 0
A44: 35 | B44: Market valuation changes on derivatives (largest absolute net 30 day collateral flows realised during preceding 24 months-look back approach) | C44: 1 | D44: 0 | E44: =+D44*C44 -> 0
A45: 36 | B45: Valuation changes on non-level 1 posted collateral securing derivatives | C45: 0.2 | D45: 0 | E45: =+D45*C45 -> 0
A46: 37 | B46: Excess collateral held by a bank related to derivative transactions contractually callable at any time by its counterparty | C46: 1 | D46: 0 | E46: =+D46*C46 -> 0
A47: 38 | B47: Liquidity needs related to collateral contractually due from reporting bank on derivative transactions | C47: 1 | D47: 0 | E47: =+D47*C47 -> 0
A48: 39 | B48: Increased Liquidity needs related to derivative transactions that allow collateral substitution to non-HQLA assets | C48: 1 | D48: 0 | E48: =+D48*C48 -> 0
A49: 40 | B49: Liabilities maturing from SPV's, ABCP's and SIV's etc. (applied to maturing amounts and returnable assets) | C49: 1 | D49: 0 | E49: =+D49*C49 -> 0
A50: 41 | B50: Asset backed securities (including covere bonds) applied to maturing amounts | C50: 1 | D50: 0 | E50: =+D50*C50 -> 0
B51: Currently undrawn portion of credit lines | E51: =+D51*C51 -> 0
A52: 42 | B52: (i) Retail and small business | C52: 0.05 | D52: 0 | E52: =+D52*C52 -> 0
A53: 43 | B53: (ii)Non Financial corporates, Sovereign,CB,PSEs, multilateral development banks credit facility | C53: 0.1 | D53: 2139 | E53: =+D53*C53 -> 213.9 | F53: Undrawn portion CCOD
A54: 44 | B54: (iii)Non Financial corporates, Sovereign,CB,PSEs, multilateral development banks -liquidity facility | C54: 0.3 | D54: 0 | E54: =+D54*C54 -> 0
A55: 45 | B55: (iv) Banks subject to prudential supervision | C55: 0.4 | D55: 0 | E55: =+D55*C55 -> 0
A56: 46 | B56: (v) Other Financial Institutions credit | C56: 0.4 | D56: 0 | E56: =+D56*C56 -> 0
A57: 47 | B57: (vi) Other Financial institutions-liquidity | C57: 1 | D57: 0 | E57: =+D57*C57 -> 0
A58: 48 | B58: (vii) Other Legal entity customers, credit and liquidity facilities | C58: 1 | D58: 0 | E58: =+D58*C58 -> 0
A59: 49 | B59: Other contingent funding liabilities (L/cs,LGs) | C59: 0.05 | D59: 1964 | E59: =+D59*C59 -> 98.2 | F59: LCBG
A60: 50 | B60: Trade finance | C60: 0.05 | D60: 0 | E60: =+D60*C60 -> 0
A61: 51 | B61: Customer short positions covered by other customers' collateral | C61: 0.5 | E61: =+D61*C61 -> 0
A62: 52 | B62: Any Other outflows | C62: 1 | D62: 0 | E62: =+D62*C62 -> 0
A63: 53 | B63: Total cash outflows | D63: =SUM(D22:D62) -> 19256.495 | E63: =SUM(E22:E62) -> 10578.238
B64: Cash Inflows
B65: Maturing secured lending transactions backed by following collateral:-
A66: 54 | B66: Level 1 assets | C66: 0 | D66: 3361 | E66: =D66*C66 -> 0
A67: 55 | B67: Level 2A assets | C67: 0.15 | D67: 0 | E67: =D67*C67 -> 0
A68: 56 | B68: Level 2B assets-eligible RMBS | C68: 0.25 | D68: 0 | E68: =D68*C68 -> 0
A69: 57 | B69: …..Other assets | C69: 0.5 | D69: 0 | E69: =D69*C69 -> 0
A70: 58 | B70: Margin lending backed by all other collaterals | C70: 0.5 | D70: 0 | E70: =D70*C70 -> 0
A71: 59 | B71: All other assets | C71: 1 | D71: 157.97 | E71: =D71*C71 -> 157.97 | F71: Interest Receivable
A72: 60 | B72: Amts to be received from retail counterparties | C72: 0.5 | D72: 0 | E72: =D72*C72 -> 0
A73: 61 | B73: Amounts to be received from non financial wholesale counterparties from transactions other than those listed. | C73: 0.5 | D73: 0 | E73: =D73*C73 -> 0
A74: 62 | B74: Amounts to be received from financial institutions and central banks from transactions other than those listed | C74: 1 | D74: 10850 | E74: =D74*C74 -> 10850 | F74: Placements
A75: 63 | B75: Credit or liquidity facilities provided to the reporting bank | C75: 0 | D75: 0 | E75: =D75*C75 -> 0
A76: 64 | B76: Operational deposits held at other financial institutions | C76: 0 | D76: 705.37 | E76: =D76*C76 -> 0
A77: 65 | B77: Other contractual cash inflows | C77: 1 | D77: 3550 | E77: =D77*C77 -> 3550
A78: 66 | B78: Net derivatives cash inflows | C78: 1 | D78: 0 | E78: =D78*C78 -> 0
A79: 67 | B79: Total cash inflows | D79: =SUM(D66:D78) -> 18624.34 | E79: =SUM(E66:E78) -> 14557.97
A80: 68 | B80: 75% of outflows | E80: =+E63*0.75 -> 7933.6784
A81: 69 | B81: Inflows restricted to 75% of outflows | E81: =MIN(E79,E80) -> 7933.6784
A82: 70 | B82: Net cash Outflow | E82: =+E63-E81 -> 2644.5595
A83: 71 | B83: LCR (%) | E83: =+(D18/E82)*100 -> 105.52255

Sheet Sheet4
B1: 28.02.2022 | C1: From 1 March to 5 March | D1: 17-21 | E1: 29.03.2022 | F1: 30.03.2022
A2: HQLA | B2: 3.1 | C2: 2.78 | D2: 3.29 | E2: 3.115 | F2: 7.763
A3: Borrowings | B3: 10.08 | C3: 10.08 | D3: 21.785 | E3: 18.55 | F3: 20.28
A4: Placements | B4: 3.8 | C4: 10.85 | D4: 10.85 | E4: 8.3 | F4: 7.7
A5: 75% of inflow | B5: 2.85 | C5: 8.1375 | D5: 8.1375 | E5: 6.225 | F5: 5.775
A6: net out flow | B6: 7.23 | C6: 1.9425 | D6: 13.6475 | E6: 12.325 | F6: 14.505
A7: LCR% | B7: 120.48 | C7: 105.5 | D7: 42.6 | E7: 44.21 | F7: 104.46
